 Dungeon Crawl Stone Soup version 0.21-a0-286-g6fcecc0 (webtiles) character file.

32231 nikopol the Severer (level 13, -5/122 HPs)
             Began as a Minotaur Berserker on Sept 26, 2017.
             Was the Champion of Trog.
             Shot with an arrow by Nessos (15 damage)
             ... on level 4 of the Lair of Beasts.
             The game lasted 00:46:59 (18791 turns).

nikopol the Severer (Minotaur Berserker)           Turns: 18791, Time: 00:46:59

Health: -5/122     AC: 11    Str: 21    XL:     13   Next: 30%
Magic:  12/12      EV: 17    Int:  4    God:    Trog [******]
Gold:   1094       SH:  0    Dex: 21    Spells: 12/12 levels left

rFire    . . .     SeeInvis +   a - +1 battleaxe (venom)
rCold    . . .     Gourm    .   (shield currently unavailable)
rNeg     . . .     Faith    .   I - +3 ring mail {rPois}
rPois    +         Spirit   .   (helmet restricted)
rElec    .         Reflect  .   j - scarf {cloud immunity}
rCorr    .         Harm     .   (no gloves)
MR       .....                  P - +0 pair of boots
Stlth    ++........             (no amulet)
HPRegen  0.30/turn              W - ring "Jaqolasm" {+Fly rPois Dex+5}
MPRegen  0.13/turn              u - ring of see invisible

@: no status effects
A: retaliatory headbutt, horns 2
a: Berserk, Trog's Hand, Brothers in Arms, Burn Spellbooks, Renounce Religion,
Evoke Flight


You were on level 4 of the Lair of Beasts.
You worshipped Trog.
Trog was exalted by your worship.
You were not hungry.

You visited 2 branches of the dungeon, and saw 15 of its levels.
You also visited: Ossuary.

You collected 1094 gold pieces.

Inventory:

Hand Weapons
 a - a +1 battleaxe of venom (weapon)
 z - a +6 shortbow of velocity
 H - a +5 longbow of freezing
Missiles
 k - 163 arrows
Armour
 j - a scarf of cloud immunity (worn)
 I - a +3 ring mail of poison resistance (worn)
 P - a +0 pair of boots (worn)
Jewellery
 u - a ring of see invisible (right hand)
 y - a +4 ring of protection {unknown}
 W - the ring "Jaqolasm" (left hand) {+Fly rPois Dex+5}
   (You found it on level 1 of the Lair of Beasts)

   [ring of flight]

   It affects your dexterity (+5).
   It protects you from poison.
   It lets you fly.
Wands
 l - a wand of lightning (7/15)
 F - a wand of digging (10/24)
Scrolls
 d - 4 scrolls of teleportation {unknown}
 e - 5 scrolls of identify
 i - 3 scrolls of fear {unknown}
 m - 11 scrolls of remove curse
 n - 3 scrolls of enchant armour {unknown}
 p - 5 scrolls of recharging
 r - a scroll of enchant weapon
 s - 2 scrolls of blinking {unknown}
 v - 2 scrolls of magic mapping {unknown}
 x - 2 scrolls of immolation {unknown}
 C - 2 scrolls of fog {unknown}
 M - a scroll of torment {unknown}
 Q - a scroll of summoning {unknown}
 T - 2 scrolls of brand weapon {unknown}
 U - 2 scrolls of noise {unknown}
Potions
 f - 4 potions of curing
 g - 6 potions of brilliance
 h - 4 potions of lignification
 o - 5 potions of invisibility {unknown}
 q - a potion of haste {unknown}
 t - 2 potions of magic {unknown}
 w - 2 potions of heal wounds {unknown}
 A - a potion of ambrosia {unknown}
 B - a potion of resistance {unknown}
 D - 3 potions of might {unknown}
 E - a potion of berserk rage {unknown}
 G - 4 potions of flight
 J - a potion of mutation {unknown}
 O - a potion of agility
 S - a potion of cancellation {unknown}
Books
 b - a book of Clouds

   Spells                             Type                      Level
   a - Poisonous Vapours              Poison/Air                   2
   b - Mephitic Cloud                 Conjuration/Poison/Air       3
   c - Conjure Flame                  Conjuration/Fire             3
   d - Freezing Cloud                 Conjuration/Ice/Air          6
   e - Ring of Flames                 Charms/Fire                  7
   Trog disapproves of the use of such an item.
Comestibles
 c - 13 bread rations
 K - 3 royal jellies
 L - 3 meat rations
 N - 5 chunks of flesh
 V - 2 fruits


   Skills:
 + Level 13.3 Fighting
 + Level 15.3 Axes
 + Level 12.1 Bows
 + Level 9.5 Armour
 + Level 7.4 Dodging
 + Level 2.5 Stealth


You had 12 spell levels left.
You didn't know any spells.

Dungeon Overview and Level Annotations

Branches:
Dungeon (11/15)            Temple (0/1) D:6            Lair (4/6) D:10
  Swamp (0/4) Lair:3       Spider (0/4) Lair:3          Orc (0/2) D:10

Altars:
Ashenzari
Cheibriados
Elyvilon
Fedhas
Hepliaklqana
Makhleb
Qazlal
Sif Muna
Trog
Uskayaw
Xom
Zin
Beogh

Shops:
D:6 :

Annotations:
Lair:4 Nessos


Innate Abilities, Weirdness & Mutations

You reflexively headbutt those who attack you in melee.
You have a pair of horns on your head.


Message History

* * * LOW HITPOINT WARNING * * *
You slice the bullfrog!!
You kill the bullfrog!
Trog accepts your kill.
You slash the water moccasin!
The water moccasin is poisoned.
You feel sick. The water moccasin closely misses you.
You feel better.
The water moccasin bites you but does no damage.
Nessos blinks!
You slice the water moccasin!!
You kill the water moccasin!
Trog accepts your kill.
Nessos blinks! x2
Nessos blinks!
Nessos shoots an arrow.
The arrow hits you!!
* * * LOW HITPOINT WARNING * * *
The arrow burns you.
* * * LOW HITPOINT WARNING * * *
You see here an arrow.
Nessos shoots an arrow.
The arrow hits you!
You die...

..... ....................
#..§. .#.....##....P.##..
#...(. ###.##.###...#.#.#.
......##.......##......#..
...............##...P##†..
((....#...†....##.........
#.c...†(.(#..#.##....##...
......#.(#....##.......###
#........@..........###
......$.............#
.....................
####.##.#######.P.# ## ###
##P#


You could see Nessos.

Vanquished Creatures
  The ghost of Sergey the Timeless, a journeyman FoWn of Cheibriados (D:11)
  2 hydras
  5 two-headed ogres
  A tengu warrior (D:10)
  3 unseen horrors
  The ghost of apical the Insei, a novice OpTm of Okawaru (D:6)
  An ugly thing (D:11)
  Pikel (D:9)
  A deep elf mage (D:10)
  An orb spider (Lair:3)
  5 oklob plants (Lair:1)
  2 cyclopes (D:11)
  An elephant (Lair:4)
  3 black mambas
  The ghost of nikopol the Chopper, a novice MiBe of Trog (D:7)
  3 komodo dragons
  7 spiny frogs
  2 rime drakes
  The ghost of saxguy the Ruffian, an amateur TrMo (D:4)
  A troll (D:10)
  A merfolk (D:9)
  4 blink frogs (Lair:1)
  A harpy skeleton (D:11)
  A hippogriff (Lair:1)
  Sigmund (D:2)
  A shadow (D:10)
  A wyvern (Lair:2)
  18 yaks
  A basilisk (D:10)
  2 hungry ghosts
  A steam dragon (D:7)
  Menkaure (D:6)
  5 soldier ants (D:5)
  9 water moccasins
  4 porcupines
  2 sky beasts
  3 orc warriors (D:8)
  An ice beast (D:6)
  A black bear (Lair:1)
  4 ogres
  8 wolves
  4 phantoms
  3 centaurs
  7 crocodiles
  A big kobold (D:11)
  18 bullfrogs
  2 wyvern zombies
  A gnoll sergeant (D:6)
  A wyvern skeleton (D:10)
  A water moccasin skeleton (D:9)
  3 scorpions
  2 troll zombies (D:10)
  16 killer bees
  5 wights (D:10)
  5 howler monkeys
  A bullfrog zombie (D:8)
  9 crimson imps
  A quasit (D:10)
  2 centaur skeletons
  4 jellies
  3 bullfrog skeletons
  A gnoll shaman (D:7)
  5 hounds
  4 orc priests
  5 orc wizards
  4 iguanas
  Crazy Yiuf (D:7)
  5 worker ants
  6 big kobold zombies (Ossuary)
  6 ogre zombies (D:10)
  3 hound skeletons
  A mummy (Ossuary)
  A howler monkey zombie (D:9)
  A howler monkey skeleton (D:9)
  17 adders
  11 gnolls
  4 shadow imps
  A white imp (D:9)
  An ooze (D:7)
  2 worms
  2 dart slugs
  A leopard gecko (D:5)
  44 orcs
  3 spectral bats (Ossuary)
  A ball python (D:4)
  12 bats
  4 giant cockroaches
  6 gnoll zombies (Ossuary)
  8 goblins
  9 hobgoblins
  18 jackals
  3 quokkas
  5 bat simulacra (Ossuary)
  8 frilled lizards
  4 goblin simulacra (Ossuary)
  3 goblin zombies
  2 hobgoblin skeletons (D:10)
  7 hobgoblin zombies
  A jackal skeleton (D:4)
  10 kobolds
  2 kobold simulacra (Ossuary)
  A kobold zombie (Ossuary)
  2 leopard gecko skeletons
  4 orc skeletons (D:10)
  26 orc zombies
  A quokka skeleton (D:4)
  2 quokka zombies
  9 rats
  2 rat simulacra (Ossuary)
  7 spectral goblins (Ossuary)
  A spectral rat (Ossuary)
  2 plants (Lair:1)
491 creatures vanquished.

Vanquished Creatures (others)
  2 slaves (D:9)
  A quokka (D:4)
3 creatures vanquished.

Grand Total: 494 creatures vanquished

Notes
Turn   | Place    | Note
-------+----------+-------------------------------------------
     0 | D:1      | nikopol the Minotaur Berserker began the quest for the Orb.
     0 | D:1      | Reached XP level 1. HP: 19/19 MP: 0/0
   105 | D:1      | Reached skill level 4 in Axes
   105 | D:1      | Reached XP level 2. HP: 24/27 MP: 1/1
   823 | D:1      | Reached ** piety under Trog
   832 | D:1      | Reached XP level 3. HP: 33/33 MP: 2/2
  1380 | D:2      | Reached skill level 5 in Axes
  1380 | D:2      | Reached XP level 4. HP: 31/40 MP: 3/3
  1626 | D:2      | Noticed Sigmund
  1641 | D:2      | Killed Sigmund
  1641 | D:2      | Reached skill level 6 in Axes
  1641 | D:2      | Reached XP level 5. HP: 25/47 MP: 4/4
  2028 | D:2      | Found a blossoming altar of Fedhas.
  2028 | D:2      | Found a deep blue altar of Sif Muna.
  2094 | D:3      | Reached XP level 6. HP: 46/53 MP: 5/5
  2103 | D:3      | Found a faded altar of an unknown god.
  2112 | D:2      | Found a snail-covered altar of Cheibriados.
  2112 | D:2      | Found a glowing silver altar of Zin.
  2112 | D:2      | Found a bloodstained altar of Trog.
  2112 | D:2      | Found a hide-covered altar of Uskayaw.
  2115 | D:2      | Found a hazy altar of Hepliaklqana.
  2220 | D:3      | Reached *** piety under Trog
  2760 | D:4      | Found a sand-covered staircase.
  2766 | Ossuary  | Entered an ossuary
  2907 | Ossuary  | Reached **** piety under Trog
  2940 | Ossuary  | Reached skill level 5 in Fighting
  3176 | Ossuary  | Reached skill level 7 in Axes
  3219 | Ossuary  | Reached XP level 7. HP: 61/61 MP: 6/6
  3373 | D:4      | Found a white marble altar of Elyvilon.
  3373 | D:4      | Noticed saxguy's ghost (amateur TrMo)
  3384 | D:4      | Killed saxguy's ghost
  3384 | D:4      | Reached skill level 8 in Axes
  3633 | D:4      | Found a bloodstained altar of Trog.
  4132 | D:5      | Entered Level 5 of the Dungeon
  4319 | D:5      | Reached ***** piety under Trog
  4375 | D:5      | Reached skill level 5 in Armour
  4375 | D:5      | Reached XP level 8. HP: 67/70 MP: 7/7
  4443 | D:5      | Found the +9 staff of Olgreb {rPois}
  4495 | D:5      | Reached skill level 9 in Axes
  4514 | D:5      | Found a runed gate.
  4515 | D:5      | Found a runed door.
  4627 | D:5      | Found a burning altar of Makhleb.
  4627 | D:5      | Found a shimmering altar of Xom.
  4863 | D:5      | Found a runed gate.
  4863 | D:5      | Found a runed door.
  4989 | D:5      | Found a runed gate.
  5164 | D:6      | Noticed apical's ghost (novice OpTm)
  5166 | D:6      | Found Roset's Book Shoppe.
  5593 | D:6      | Killed apical's ghost
  5593 | D:6      | Reached skill level 10 in Axes
  5593 | D:6      | Reached skill level 5 in Dodging
  5593 | D:6      | Reached skill level 1 in Stealth
  5593 | D:6      | Reached XP level 9. HP: 78/78 MP: 8/8
  5622 | D:6      | Found a staircase to the Ecumenical Temple.
  5630 | D:6      | Found a hazy altar of Hepliaklqana.
  5752 | D:6      | You fall through a shaft for 3 floors!
  5802 | D:9      | Reached skill level 1 in Bows
  5807 | D:9      | Reached skill level 11 in Axes
  6141 | D:7      | Received a gift from Trog
  6185 | D:6      | Noticed Menkaure
  6189 | D:6      | Killed Menkaure
  6759 | D:7      | Found a runed door.
  6763 | D:7      | Noticed Crazy Yiuf
  6767 | D:7      | Killed Crazy Yiuf
  6965 | D:7      | Reached XP level 10. HP: 83/90 MP: 9/9
  7068 | D:7      | Noticed nikopol's ghost (novice MiBe)
  7080 | D:7      | Killed nikopol's ghost
  7283 | D:7      | Found a stormy altar of Qazlal.
  7462 | D:8      | Noticed a two-headed ogre
  7467 | D:8      | Killed a two-headed ogre
  7467 | D:8      | Reached skill level 12 in Axes
  7467 | D:8      | Reached skill level 5 in Bows
  7939 | D:8      | Received a gift from Trog
  8131 | D:8      | Found a roughly hewn altar of Beogh.
  8823 | D:9      | Received a gift from Trog
  8954 | D:9      | Noticed Pikel
  8959 | D:9      | Noticed a two-headed ogre
  8962 | D:9      | Killed Pikel
  8978 | D:9      | Killed a two-headed ogre
  8978 | D:9      | Reached skill level 10 in Fighting
  9647 | D:5      | Reached XP level 11. HP: 97/100 MP: 10/10
 10398 | D:10     | Entered Level 10 of the Dungeon
 10418 | D:10     | Got a pitted pewter amulet
 10430 | D:10     | Noticed a deep elf mage
 10437 | D:10     | Killed a deep elf mage
 10452 | D:10     | Noticed an unseen horror
 10457 | D:10     | Killed an unseen horror
 10457 | D:10     | Reached skill level 13 in Axes
 10502 | D:10     | Noticed a two-headed ogre
 10511 | D:10     | Killed a two-headed ogre
 10876 | D:10     | Received a gift from Trog
 11083 | D:10     | Found a staircase to the Orcish Mines.
 11426 | D:10     | Found a staircase to the Lair.
 11426 | D:10     | Noticed an unseen horror
 11448 | D:10     | Killed an unseen horror
 12094 | D:11     | Noticed an unseen horror
 12107 | D:11     | Killed an unseen horror
 12441 | D:11     | Noticed a two-headed ogre
 12447 | D:11     | Killed a two-headed ogre
 12528 | D:11     | Noticed Sergey's ghost (journeyman FoWn)
 12546 | D:11     | Killed Sergey's ghost
 12551 | D:11     | Found a shattered altar of Ashenzari.
 12564 | D:11     | Reached XP level 12. HP: 85/111 MP: 11/11
 12961 | D:10     | Noticed a two-headed ogre
 12969 | D:10     | Killed a two-headed ogre
 12969 | D:10     | Reached skill level 10 in Bows
 13099 | D:10     | Noticed a tengu warrior
 13106 | D:10     | Reached skill level 14 in Axes
 13115 | D:10     | Killed a tengu warrior
 13350 | D:11     | Received a gift from Trog
 14035 | Lair:1   | Entered Level 1 of the Lair of Beasts
 14039 | Lair:1   | Noticed a five-headed hydra
 14049 | Lair:1   | Killed a five-headed hydra
 14185 | Lair:1   | Got a coiled ivory ring
 14186 | Lair:1   | Identified the amulet of Elluno {RegenMP Int+3} (You found it on level 10 of the Dungeon)
 14190 | Lair:1   | Identified the ring "Jaqolasm" {+Fly rPois Dex+5} (You found it on level 1 of the Lair of Beasts)
 14570 | Lair:1   | Reached ****** piety under Trog
 14597 | Lair:1   | Received a gift from Trog
 17167 | Lair:2   | Reached XP level 13. HP: 97/122 MP: 12/12
 17796 | Lair:3   | Reached skill level 15 in Axes
 17813 | Lair:3   | Got a scorched broad axe
 17906 | Lair:3   | Identified the +6 broad axe "Bujut" {flame, rElec rC- Int+2} (You found it on level 3 of the Lair of Beasts)
 17953 | Lair:3   | Found a hole to the Spider Nest.
 18105 | Lair:3   | Found a staircase to the Swamp.
 18775 | Lair:4   | Noticed Nessos
 18791 | Lair:4   | Shot with an arrow by Nessos

Vault maps used:
D:1:      scummos_arrival_simple_crosswalls
D:2:      nicolae_overflow_hidden_temple, amethyst_overflow_temple_binary,
          corexii_corridor_pit, kennysheep_doodads, uniq_sigmund
D:3:      chequers_ecumenical_altar_simple_redux
D:4:      elyvilon_altar_4, nicolae_ossuary_entry_ruins, first_bread,
          bloody_trog
D:5:      grunt_temple_overflow_champion_of_chaos,
          minmay_guarded_unrand_staff_of_olgreb
D:6:      temple_pool_b, serial_shops, nicolae_shop_crystal, basic_altar,
          uniq_menkaure
D:7:      kennysheep_mini, hangedman_decor_opposing, uniq_crazy_yiuf_cottage
D:8:      special_room
D:9:      hangedman_fish_farm, minmay_fire_ice_demons, uniq_pikel
D:10:     minmay_diamond_stairs, david_lair_generic, zombieorc2_lemuel,
          kennysheep_generic_room_3
D:11:     basic_altar
Lair:1:   dpeg_oklob_gauntlet, beast_lair_carwin_10, minmay_lair_oklob_chamber,
          grunt_megastairs_5
Lair:2:   st_stairs_4, serial_bayou_lagoon_a
Lair:3:   swamp_mist_pool, nicolae_spider_entry_orb_guardian,
          serial_bayou_shore_a
Lair:4:   st_stairs_12, minivault_24, serial_bayou_pond_b,
          infiniplex_staircase_pool_2, uniq_nessos
Ossuary:  ossuary_zaba_two_paths

Skill      XL: |  1  2  3  4  5  6  7  8  9 10 11 12 13 |
---------------+----------------------------------------+-----
Axes           | 4 5 6 7 8 10 11 12 13 14 15 | 15.3
Fighting       | 4 5 6 8 10 11 13 | 13.3
Armour         | 3 4 5 6 7 8 9 |  9.5
Dodging        | 3 4 5 6 7 |  7.4
Stealth        | 1 2 |  2.5
Bows           | 3 7 9 11 12 | 12.1

Action                   |  1- 3 |  4- 6 |  7- 9 | 10-12 | 13-15 || total
-------------------------+-------+-------+-------+-------+-------++-------
Melee: Hand axe          |    93 |   183 |    50 |       |       ||   326
       Headbutt          |     6 |    43 |    36 |    75 |    18 ||   178
       War axe           |       |       |   163 |       |       ||   163
       Battleaxe         |       |       |    33 |   329 |    41 ||   403
 Fire: Shortbow          |       |       |    65 |   405 |    82 ||   552
Invok: Berserk           |       |     2 |     6 |     3 |       ||    11
       Burn Spellbooks   |       |       |       |     1 |       ||     1
  Use: Scroll            |       |     4 |     1 |     7 |       ||    12
       Potion            |       |       |       |       |     1 ||     1
  Eat: Chunk             |     1 |     6 |    10 |    29 |     5 ||    51
       Meat ration       |       |     1 |       |       |       ||     1
       Bread ration      |       |       |     1 |     1 |       ||     2
       Royal jelly       |       |       |     1 |     1 |       ||     2
       Fruit             |       |       |       |     1 |       ||     1
Armor: Animal skin       |     7 |       |       |       |       ||     7
       Ring mail         |    11 |    39 |    77 |   104 |    16 ||   247
Dodge: Dodged            |    65 |    91 |   149 |   273 |    41 ||   619

Table legend:
 A = Spawn XP
 B = Non-spawn XP
 C = Spawn XP percentage of total XP
 D = Spawn monster count
 E = Non-spawn monster count
 F = Spawn count percentage of total count
 G = Total turns spent on level
                    A         B        C        D         E        F      G
               +---------+---------+-------+---------+---------+-------+---------
         Total |       0 |   46045 |   0.0 |       0 |     489 |   0.0 | 18791
               +---------+---------+-------+---------+---------+-------+---------
           D:1 |       0 |      46 |   0.0 |       0 |      27 |   0.0 |  1170
           D:2 |       0 |     302 |   0.0 |       0 |      32 |   0.0 |   920
           D:3 |       0 |     190 |   0.0 |       0 |      26 |   0.0 |   659
           D:4 |       0 |     404 |   0.0 |       0 |       6 |   0.0 |  1022
           D:5 |       0 |    2591 |   0.0 |       0 |      42 |   0.0 |  2113
           D:6 |       0 |    1537 |   0.0 |       0 |      18 |   0.0 |   649
           D:7 |       0 |    1743 |   0.0 |       0 |      38 |   0.0 |  1144
           D:8 |       0 |    2314 |   0.0 |       0 |      39 |   0.0 |  1150
           D:9 |       0 |    2910 |   0.0 |       0 |      24 |   0.0 |   994
          D:10 |       0 |    7594 |   0.0 |       0 |      68 |   0.0 |  1805
          D:11 |       0 |    6782 |   0.0 |       0 |      39 |   0.0 |  1832
        Lair:1 |       0 |    8706 |   0.0 |       0 |      32 |   0.0 |  2667
        Lair:2 |       0 |    4157 |   0.0 |       0 |      20 |   0.0 |  1086
        Lair:3 |       0 |    2950 |   0.0 |       0 |      13 |   0.0 |   776
        Lair:4 |       0 |    3593 |   0.0 |       0 |      10 |   0.0 |   227
       Ossuary |       0 |     226 |   0.0 |       0 |      55 |   0.0 |   577
               +---------+---------+-------+---------+---------+-------+---------
